 Dungeon Crawl Stone Soup version 0.28-a0-1510-gd0f6b136d3 (webtiles) character file.

Game seed: 10578708153382120330

37 croobank the Sneak (level 3, 0/17 HPs)
             Began as a Felid Delver on Jan 14, 2022.
             Succumbed to an adder's poison
             ... on level 2 of the Dungeon.
             The game lasted 00:04:25 (1323 turns).

croobank the Sneak (Felid Delver)                   Turns: 1323, Time: 00:04:25

Health: 0/17       AC:  1    Str: 10    XL:     3   Next: 21%
Magic:  4/4        EV: 18    Int: 11    God:
Gold:   95         SH:  0    Dex: 17    Spells: 2/2 levels left
                                        Lives:  0   Deaths: 0

rFire   . . .      SeeInvis +     - Unarmed
rCold   . . .      Faith    .   (shield unavailable)
rNeg    . . .      Spirit   .   (armour unavailable)
rPois   .          Reflect  .   (helmet unavailable)
rElec   .          Harm     .   (cloak unavailable)
rCorr   .          Rampage  .   (gloves unavailable)
Will    .....                   (boots unavailable)
Stlth   ++++......              (no amulet)
HPRegen 0.05/turn               (no ring)
MPRegen 0.09/turn               (no ring)

@: lethally poisoned (0 -> -6), invisible, quick
A: very small, claws 1, fangs 3, see invisible, speed 1, shaggy fur 1, stealthy
paws, no weapons or thrown items, no armour, multi-lived
a: no special abilities


You were on level 2 of the Dungeon.
You visited 1 branch of the dungeon, and saw 5 of its levels.

You collected 95 gold pieces.

Inventory:

Missiles
 g - 19 arrows
Wands
 e - a wand of digging (3)
Scrolls
 a - a scroll of fog
 b - a scroll of magic mapping
 d - a scroll of teleportation {unknown}
 h - a scroll of identify {unknown}
 i - a scroll of acquirement {unknown}
Potions
 f - a potion of might {unknown}
 j - a potion of mutation {unknown}


   Skills:
 + Level 3.3 Fighting
 + Level 3.3 Dodging
 + Level 7.0 Stealth
 + Level 2.5 Unarmed Combat


You had 2 spell levels left.
You didn't know any spells.
Your spell library was empty.

Dungeon Overview and Level Annotations

Branches:
Dungeon (5/15)
 Temple: D:4-7

Altars:
Wu Jian


Innate Abilities, Weirdness & Mutations

You have sharp claws.
You have razor-sharp teeth.
You have supernaturally acute eyesight. (SInv)
You cover ground quickly. (Speed+)
You are covered in fur. (AC +1)
Your paws help you pounce on unaware monsters.
You are incapable of wielding weapons or throwing items.
You cannot wear armour.
You gain extra lives every three experience levels.


Message History

a +0 dagger; a kobold corpse An adder comes into view.
A hobgoblin and 2 adders come into view.
Found a glowing ring mail.
A frilled lizard comes into view.
The hobgoblin shouts!
The frilled lizard hisses angrily.
The adder hisses angrily. x2; You hear a shout!
You barely miss the adder. The adder completely misses you.
You scratch the adder but do no damage. The adder bites you.
You closely miss the adder. The adder bites you.
You scratch the adder but do no damage. The adder closely misses you.
The adder completely misses you.
You scratch the adder.
The adder is heavily wounded.
The adder barely misses you.
You scratch the adder.
The adder is almost dead.
The adder misses you.
You scratch the adder.
You kill the adder!
The adder bites you.
Your Stealth skill increases to level 7!
You have reached level 3!
Your experience leads to an increase in your attributes!
Increase (S)trength, (I)ntelligence, or (D)exterity?
You feel stronger. x2
You miss the adder. The adder misses you.
You miss the adder. The adder completely misses you.
You scratch the adder.
The adder is severely wounded.
The adder misses you. The adder bites you.
You scratch the adder.
The adder is severely wounded.
The adder bites you.
* * * LOW HITPOINT WARNING * * *
You are lethally poisoned!
The adder poisons you!
It was a potion of invisibility.
You fade into invisibility!
You die...

##### ....#################
..............SS@...##
###.###############..# .##.#
##.# .##.# ########## #.## .##.#
#......... #..# .##.# #.########
##.#####
.##.#####.########.#..)...######
.............†................>#
.##.#####.########.#....#.#.##.#


You could see 2 adders.

Vanquished Creatures
  An adder (D:2)
  2 dart slugs (D:1)
  A ball python (D:2)
  A bat (D:1)
  6 endoplasms
  A giant cockroach (D:1)
  3 goblins
  A hobgoblin (D:1)
  A kobold (D:2)
  A quokka (D:1)
  2 rats
20 creatures vanquished.

Notes
Turn   | Place    | Note
-------+----------+-------------------------------------------
     0 | D:5      | croobank the Felid Delver began the quest for the Orb.
     0 | D:5      | Reached XP level 1. HP: 10/10 MP: 2/2
    15 | D:5      | Noticed a howler monkey
    16 | D:5      | Noticed a water moccasin
    35 | D:5      | Found an ornate altar of the Wu Jian Council.
    51 | D:4      | Noticed a hound
   339 | D:1      | Reached XP level 2. HP: 9/14 MP: 3/3
  1062 | D:1      | Found a faded altar of an unknown god.
  1319 | D:2      | Reached skill level 7 in Stealth
  1319 | D:2      | Reached XP level 3. HP: 6/17 MP: 4/4
  1323 | D:2      | Succumbed to an adder's poison

Illustrated notes

Levels and vault maps discovered:
D:1:      lightli_arrival_windingriver, layout_loops_corners,
          hellmonk_ecumenical_altar_arch_garden, serial_forest,
          infiniplex_forest_corner_1, infiniplex_forest_clump_long,
          infiniplex_forest_fountain, infiniplex_forest_split,
          infiniplex_forest_clump_double, infiniplex_forest_lined_3_way,
          infiniplex_forest_straight_1
D:2:      layout_basic, serial_glass, glass_columns_a, glass_columns_a,
          st_stairs_14
D:3:      layout_basic, serial_shops, shop_fountains, kennysheep_another_room
D:4:      layout_basic, lemuel_round_altar
D:5:      layout_cave_pods, nicolae_wu_jian_immortal_techniques, serial_shops,
          nicolae_shop_window_shopping

Skill      XL: |  1  2 |
---------------+-------+-----
Dodging        | 3 |  3.3
Stealth        | 7 |  7.0
Fighting       | |  3.3
Unarmed Combat | |  2.5

Action                   || total
-------------------------++-------
Melee: Unarmed           ||    48
       Bite              ||     2
  Use: Potion            ||     2
       Scroll            ||     1
 Stab: Sleeping          ||     9
Armor: Skin              ||     1
Dodge: Dodged            ||    24

Table legend: (Time is in decaauts)
 A = Elapsed time spent in this place.
 B = Non-inter-level travel time spent in this place.
 C = Inter-level travel time spent in this place.
 D = Time resting spent in this place.
 E = Time spent auto-exploring this place.
 F = Levels seen in this place.
 G = Mean time per level.
                   A        B        C        D        E       F      G
               +--------+--------+--------+--------+--------+-----+--------+
         Total |   1093 |   1053 |     40 |    103 |    612 |   5 |  218.6 |
       Dungeon |   1093 |   1053 |     40 |    103 |    612 |   5 |  218.6 |
               +--------+--------+--------+--------+--------+-----+--------+

Top non-repeatable levels by time:
     D:1: 807 daAuts
     D:2: 233 daAuts
     D:5: 31 daAuts
     D:3: 14 daAuts
     D:4: 7 daAuts
